 Dungeon Crawl Stone Soup version 0.31.0-11-ge490571c62 (webtiles) character file.

Game seed: 15029207961868261645

255 qw the Shooter (level 5, -6/26 HPs)
             Began as a Spriggan Hunter on Feb 4, 2024.
             Mangled by Blork the orc
             ... wielding a +0 hand axe
              (8 damage)
             ... on level 4 of the Dungeon.
             The game lasted 00:00:09 (2432 turns).

qw the Shooter (Spriggan Hunter)                    Turns: 2432, Time: 00:00:10

Health: -6/26      AC:  2    Str:  7    XL:     5   Next: 91%
Magic:  6/6        EV: 20    Int: 11    God:
Gold:   119        SH:  0    Dex: 20    Spells: 4/4 levels left

rFire   . . .        a - +0 shortbow
rCold   . . .        (shield currently unavailable)
rNeg    . . .        c - +0 robe
rPois   .            (helmet restricted)
rElec   .            (no cloak)
rCorr   .            (gloves unavailable)
SInv    +            (boots unavailable)
Will    .....        (no amulet)
Stlth   ++           (no ring)
HPRegen 0.24/turn    (no ring)
MPRegen 0.10/turn

%: no passive effects
@: about to teleport, very quick
A: very small, no large weapons, unfitting armour, see invisible, speed 3
a: no special abilities


You were on level 4 of the Dungeon.
You visited 1 branch of the dungeon, and saw 4 of its levels.

You collected 119 gold pieces.


Innate Abilities, Weirdness & Mutations

You are very small and have problems with some larger weapons.
You are too small for most types of armour.
You have supernaturally acute eyesight. (SInv)
You cover ground extremely quickly. (Speed+++)


   Skills:
 - Level 2.2 Fighting
 - Level 6.0 Ranged Weapons
 + Level 5.2 Dodging
 - Level 1.5 Stealth


You had 4 spell levels left.
You didn't know any spells.
Your spell library was empty.

Inventory:

Hand Weapons
 a - a +0 shortbow (weapon)
Armour
 c - a +0 robe (worn)
Jewellery
 j - a ring of ice
Scrolls
 i - a scroll of teleportation
Potions
 b - a potion of might
 d - a potion of haste
 e - a potion of curing
 f - 2 potions of magic {unknown}
 h - a potion of ambrosia {unknown}

Dungeon Overview and Level Annotations

Branches:
Dungeon (4/15)
 Temple: D:4-7

Altars:
Fedhas
Gozag

Annotations:
D:4 Blork the orc


Message History

Found an opulent altar of Gozag.
You now have 112 gold pieces (gained 5).
You now have 119 gold pieces (gained 7).
A kobold comes into view. It is wielding a +0 dagger.
You shoot an arrow. The arrow hits the kobold.
You kill the kobold!
Found a warped ring mail.
A kobold comes into view. It is wielding a +0 short sword.
Found a stone staircase leading down.
You shoot an arrow. The arrow hits the kobold.
You kill the kobold!
Found a robe.
There is a stone staircase leading down here.
Blork the orc comes into view.
He is wielding a +0 hand axe.
You shoot an arrow. The arrow barely misses Blork the orc.
You shoot an arrow. The arrow hits Blork the orc!
Blork the orc is moderately wounded.
Blork the orc completely misses you.
You shoot an arrow. The arrow barely misses Blork the orc.
Blork the orc hits you but does no damage.
You shoot an arrow.
The arrow hits Blork the orc but does no damage.
Blork the orc is moderately wounded.
Blork the orc hits you with a +0 hand axe!
You shoot an arrow. The arrow hits Blork the orc.
Blork the orc is moderately wounded.
Blork the orc completely misses you. Blork the orc casts a spell at you.
The puff of flame hits you!
You shoot an arrow. The arrow barely misses Blork the orc.
Blork the orc casts a spell at you. The magic dart hits you.
2431 ||| READING 2 scrolls of teleportation.
As you read the scroll of teleportation, it crumbles to dust.
You feel strangely unstable. Blork the orc barely misses you.
You shoot an arrow. The arrow hits Blork the orc.
Blork the orc is heavily wounded.
Blork the orc hits you with a +0 hand axe!
You die...

#########
###############@o......
................##.##.#
#........####..#
#..####..# #..# #..#
#..# #..# #[.# #>.#
#..# #..####..####.[#
.##...............
.....####.#####)##


You could see Blork the orc.

Vanquished Creatures
  A bombardier beetle (D:3)
  2 orc priests (D:3)
  An orc wizard (D:3)
  5 adders
  A dart slug (D:1)
  A ribbon worm (D:2)
  11 orcs (D:3)
  5 bats
  6 endoplasms
  2 giant cockroaches
  8 goblins
  6 hobgoblins
  3 jackals (D:1)
  6 quokkas
  4 ball pythons
  4 frilled lizards
  5 kobolds
  7 rats
78 creatures vanquished.

Notes
Turn   | Place    | Note
-------+----------+-------------------------------------------
     0 | D:1      | qw the Spriggan Hunter began the quest for the Orb.
     0 | D:1      | Reached XP level 1. HP: 10/10 MP: 2/2
     0 | D:1      | 0 ||| qw: Version: 0.3-a-160-g6735b56
     0 | D:1      | 0 ||| qw: Game counter: 4368
     0 | D:1      | 0 ||| qw: Melee chars always use a shield: true
     0 | D:1      | 0 ||| qw: God list: Okawaru
     0 | D:1      | 0 ||| qw: Allow faded altars: false
     0 | D:1      | 0 ||| qw: Do Orc after clearing Dungeon:15 true
     0 | D:1      | 0 ||| qw: Do second Lair branch before Depths: true
     0 | D:1      | 0 ||| qw: Lair rune preference: random
     0 | D:1      | 0 ||| qw: Goals: Normal
     0 | D:1      | 0 ||| PLANNING D:1-11
    57 | D:1      | Reached skill level 3 in Dodging
   112 | D:1      | Reached XP level 2. HP: 13/14 MP: 3/3
   627 | D:1      | 627 ||| READING scroll labelled MISENIL KUHOA.
   631 | D:1      | 631 ||| READING scroll labelled UGEFET QUMAIMPAKEQ.
   631 | D:1      | 631 ||| IDENTIFYING fuming cyan potion
   632 | D:1      | 632 ||| READING scroll labelled WIS ZUVYNASIJ.
   633 | D:1      | 633 ||| DROPPING scroll of butterflies.
   656 | D:2      | 656 ||| STAIRDANCE
   819 | D:2      | Reached XP level 3. HP: 18/18 MP: 4/4
  1229 | D:2      | 1229 ||| READING scroll of identify.
  1229 | D:2      | 1229 ||| IDENTIFYING coppery potion
  1230 | D:2      | 1230 ||| READING 2 scrolls labelled JOMUIFR SOKATHAE.
  1231 | D:2      | 1231 ||| DROPPING scroll of blinking.
  1365 | D:3      | Found a blossoming altar of Fedhas.
  1374 | D:3      | Reached skill level 5 in Ranged Weapons
  1374 | D:3      | Reached XP level 4. HP: 22/22 MP: 5/5
  1659 | D:3      | 1659 ||| RETREEEEATING.
  1660 | D:3      | 1660 ||| RETREEEEATING.
  1684 | D:3      | Reached XP level 5. HP: 17/26 MP: 6/6
  2057 | D:3      | Reached skill level 6 in Ranged Weapons
  2213 | D:3      | 2213 ||| READING scroll of identify.
  2213 | D:3      | 2213 ||| IDENTIFYING amethyst potion
  2351 | D:4      | Found an opulent altar of Gozag.
  2424 | D:4      | Noticed Blork the orc
  2430 | D:4      | HP: 2/26 [Blork the orc/magic dart (6)]
  2431 | D:4      | 2431 ||| READING 2 scrolls of teleportation.
  2432 | D:4      | Mangled by Blork the orc

Levels and vault maps discovered:
D:1:      dpeg_arrival_rhombus, layout_basic
D:2:      layout_loops_ring, serial_bayou_lake_a
D:3:      minmay_octagon_keep, layout_loops_ring,
          mainiacjoe_overflow_concentric_impassable,
          chequers_serial_rivers_large_b, kennysheep_generic_room_10
D:4:      layout_loops_ring, nicolae_gozag_cash_rules_everything_around_me,
          grunt_ministairs_1, uniq_robin, uniq_blork_the_orc

Skill      XL: |  1  2  3  4  5 |
---------------+----------------+-----
Dodging        | 3 4 5 |  5.2
Ranged Weapons | 5 6 |  6.0
Fighting       | 2 |  2.2
Stealth        | |  1.5

Action                     |  1- 3 |  4- 6 || total
---------------------------+-------+-------++-------
   Fire: Shortbow          |   121 |   114 ||   235
    Use: Scroll            |     5 |     2 ||     7
 Armour: Robe              |    13 |    21 ||    34
  Dodge: Dodged            |    49 |    67 ||   116

Table legend:
 A = Non-vault XP
 B = Vault XP
 C = Vault XP percentage of total XP
 D = Non-vault monster count
 E = Vault monster count
 F = Vault count percentage of total count
                 A         B        C        D         E       F
            +---------+---------+-------+---------+---------+-------
      Total |     301 |      64 |  17.5 |      63 |      15 |  19.2
            +---------+---------+-------+---------+---------+-------
        D:1 |      33 |       0 |   0.0 |      18 |       0 |   0.0
        D:2 |      27 |       0 |   0.0 |      17 |       0 |   0.0
        D:3 |     221 |      64 |  22.5 |      23 |      15 |  39.5
        D:4 |      20 |       0 |   0.0 |       5 |       0 |   0.0
            +---------+---------+-------+---------+---------+-------
